 Dungeon Crawl Stone Soup version 0.14-a0-2119-ge69afc6 (webtiles) character file.

1641 Faustar the Skirmisher (level 8, -24/47 HPs)
             Began as a Vine Stalker Berserker on Jan 26, 2014.
             Was an Elder of Trog.
             Annihilated by an ogre
             ... wielding a +0,+0 giant club
              (25 damage)
             ... on Level 5 of the Dungeon.
             The game lasted 00:11:00 (3070 turns).

Faustar the Skirmisher (Vine Stalker Berserker)     Turns: 3070, Time: 00:11:01

HP -24/47        AC  3     Str 22      XL: 8   Next: 79%
MP   0/11        EV 12     Int  7      God: Trog [****..]
Gold 161         SH  0     Dex 14      Spells:  0 memorised,  7 levels left

rFire  . . .     SeeInvis .     a - +0 hand axe
rCold  . . .     Clarity  .     b - +0 animal skin
rNeg   . . .     Conserve .     (no shield)
rPois  .         rCorr    .     s - +0 helmet
rElec  .         rRot     +     (no cloak)
SustAb . .       Spirit   +     (no gloves)
rMut   .         Warding  .     (no boots)
Saprov . . .     Stasis   .     (no amulet)
MR     ++...                    (no ring)
                                (no ring)

@: regenerating, very resistant to hostile enchantments, unstealthy
A: fangs 3, regeneration 2, magic shield, antimagic bite, no device heal
a: Burn Spellbooks, Berserk, Trog's Hand, Brothers in Arms, Renounce Religion


You were on level 5 of the Dungeon.
You worshipped Trog.
Trog was greatly pleased with you.
You were not hungry.

You visited 1 branch of the dungeon, and saw 5 of its levels.

You collected 161 gold pieces.

Inventory:

Hand weapons
 a - a +0,+0 hand axe (weapon)
Armour
 b - a +0 animal skin (worn)
 s - a +0 helmet (worn)
Magical devices
 C - a wand of fire (9) {unknown}
Comestibles
 c - 4 bread rations
 g - 3 meat rations
 u - an apple
 z - an apricot
 E - 2 chunks of jackal flesh
 F - a pear
Scrolls
 d - 3 scrolls of identify {unknown}
 h - 2 scrolls of remove curse {unknown}
 j - 3 scrolls of teleportation {unknown}
 k - 2 scrolls of random uselessness {unknown}
 m - a scroll of magic mapping {unknown}
 o - 2 scrolls of enchant armour {unknown}
 t - a scroll of immolation {unknown}
 w - a scroll of curse jewellery {unknown}
 x - 4 scrolls of amnesia {unknown}
 A - a scroll of enchant weapon II {unknown}
 B - a scroll of fear {unknown}
Jewellery
 n - a cursed ring of poison resistance {unknown}
 r - a cursed -3 ring of strength {unknown}
 v - an uncursed ring of flight {unknown}
 y - an uncursed ring of protection from cold {unknown}
Potions
 e - 4 potions of curing {unknown}
 f - 2 potions of heal wounds {unknown}
 i - a potion of might {unknown}
 l - 2 potions of resistance {unknown}
 p - a potion of restore abilities {unknown}
 q - a potion of cure mutation {unknown}


   Skills:
 - Level 7.7 Fighting
 + Level 7.1 Axes
 - Level 1.5 Armour
 - Level 1.5 Dodging


You had 7 spell levels left.
You didn't know any spells.

Dungeon Overview and Level Annotations

Branches:
Dungeon (5/16)
 Temple: D:4-7

Altars:
Ashenzari
Cheibriados
Elyvilon
Makhleb
Vehumet
Xom

Shops:
D:5 /


Innate Abilities, Weirdness & Mutations

You have razor-sharp teeth.
You heal very quickly.
When hurt, damage is shared between your health and your magic reserves.
Your bite disrupts and absorbs the magic of your enemies.
Potions and wands cannot restore your HP.


Message History

You see here 2 arrows.
You barely miss the rat.
The centaur shoots an arrow.
The arrow hits you!
You hit the rat.
You kill the rat!
Trog accepts your kill.
The centaur shoots an arrow.
The arrow misses you.
The centaur shoots an arrow.
The arrow hits you! The ogre hits you with a giant club!
* * * LOW HITPOINT WARNING * * *
The centaur shoots an arrow.
The arrow hits you!
You see here 2 arrows.
You are too injured to fight recklessly!
Use which ability? (? or * to list)
Your skin crawls.
You feel resistant to hostile enchantments.
You feel slightly more hungry.
The centaur shoots an arrow.
The arrow hits you!
* * * LOW HITPOINT WARNING * * *
The ogre hits you with a giant club!
Ouch! That really hurt!
You die...

. . .. .... . #'#. ...
##∩#. ###....
#####.#.#.....
##.............
#......O..c.....
#..%@.!......
##.##(........ ## ### ###
#...........$.
.###.###.####..........#.
......#...# ##.#.......#.
.......#.## #............
##.#......###..........#..
#.#...#....#....>.........
..........#.#..###.......#


You could see an ogre and a centaur.

Vanquished Creatures
  The ghost of Bloax the Ruffian, an experienced VSMo of Cheibriados (D:5)
  A hippogriff (D:5)
  Edmund (D:4)
  A necrophage (D:5)
  A centaur (D:4)
  3 ogres
  A scorpion (D:3)
  2 orc priests
  2 worker ants
  7 orc wizards
  5 adders
  4 gnolls (D:2)
  A worm (D:3)
  A giant mite (D:3)
  2 oozes
  19 orcs
  6 bats
  A bat zombie (D:5)
  5 giant cockroaches
  8 goblins
  8 hobgoblins
  11 jackals
  11 kobolds
  2 quokkas
  2 giant geckos
  A giant gecko skeleton (D:5)
  6 giant newts
  9 rats
122 creatures vanquished.

Vanquished Creatures (others)
  A worm (D:3)
1 creature vanquished.

Grand Total: 123 creatures vanquished

Notes
Turn   | Place    | Note
--------------------------------------------------------------
     0 | D:1      | Faustar, the Vine Stalker Berserker, began the quest for the Orb.
     0 | D:1      | Reached XP level 1. HP: 11/11 MP: 1/1
    38 | D:1      | Reached skill level 3 in Fighting
    66 | D:1      | Reached XP level 2. HP: 5/16 MP: 3/3
   283 | D:1      | Acquired Trog's second power
   503 | D:2      | Reached XP level 3. HP: 21/21 MP: 2/4
   615 | D:2      | Reached skill level 4 in Fighting
   618 | D:2      | Reached XP level 4. HP: 25/25 MP: 5/5
  1226 | D:3      | Found a radiant altar of Vehumet.
  1271 | D:3      | Found a burning altar of Makhleb.
  1276 | D:3      | Found a snail-covered altar of Cheibriados.
  1278 | D:3      | Found a shattered altar of Ashenzari.
  1278 | D:3      | Found a shimmering altar of Xom.
  1278 | D:3      | Found a white marble altar of Elyvilon.
  1303 | D:3      | Reached skill level 5 in Fighting
  1370 | D:3      | Reached XP level 5. HP: 30/30 MP: 7/7
  1500 | D:3      | Reached skill level 6 in Fighting
  1500 | D:3      | Gained mutation: You heal very quickly. [vine stalker growth]
  1500 | D:3      | Reached XP level 6. HP: 5/36 MP: 8/8
  1875 | D:4      | Noticed Edmund
  1899 | D:4      | Killed Edmund
  1899 | D:4      | Reached skill level 7 in Fighting
  1899 | D:4      | Reached XP level 7. HP: 42/42 MP: 9/9
  2344 | D:4      | Acquired Trog's third power
  2402 | D:4      | Gained mutation: You have razor-sharp teeth. [vine stalker growth]
  2402 | D:4      | Reached XP level 8. HP: 47/47 MP: 11/11
  2671 | D:5      | Entered Level 5 of the Dungeon
  2671 | D:5      | Noticed Bloax's ghost (experienced VSMo)
  2680 | D:5      | Killed Bloax's ghost
  2680 | D:5      | Reached skill level 5 in Axes
  3063 | D:5      | Found Ocraipt's Magical Wand Shop.
  3070 | D:5      | HP: 1/47 [centaur/arrow (9)]
  3070 | D:5      | Annihilated by an ogre

Action                   |  1- 3 |  4- 6 |  7- 9 || total
-------------------------+-------+-------+-------++-------
Melee: Hand axe          |    75 |   107 |   139 ||   321
Invok: Berserk           |     3 |     4 |     5 ||    12
       Trog's Hand       |     1 |     4 |     8 ||    13
       Burn Spellbooks   |       |       |     1 ||     1
